Kings vs Maple Leafs
Created - January 10, 2019 at 19:45
Goals
|
Kings |
2 |
1 |
3 |
6 |
Maple Leafs |
0 |
1 |
3 |
4 |
|
Shots
|
Kings |
13 |
8 |
10 |
31 |
Maple Leafs |
5 |
7 |
9 |
21 |
|
1st period
1. Kings , Patrick Kane 27 (Anze Kopitar 29, Shea Weber 11) at 12:41
2. Kings , Patrick Kane 28 (Anze Kopitar 30, Johnny Gaudreau 13) at 13:33 (PP)
Penalties :
Shea Weber (LAK) for Holding (Minor) at 3:16, Gilbert Brule (Tor) for Goalie Interference (Minor) at 13:20, Artemi Panarin (Tor) for Interference (Minor) at 16:31
2nd period
3. Maple Leafs , Fabian Brunnstrom 12 (Gilbert Brule 19, Braydon Coburn 14) at 0:33
4. Kings , Tyler Johnson 12 (Viktor Arvidsson 10) at 3:09
Penalties :
Anze Kopitar (LAK) for Holding (Minor) at 5:29, Johnny Gaudreau (LAK) for Holding (Minor) at 9:39
3rd period
5. Maple Leafs , Blake Comeau 5 (Eric Nystrom 4) at 2:17
6. Kings , Pierre-Marc Bouchard 12 (Oscar Klefbom 2, Ryan Callahan 8) at 7:23
7. Maple Leafs , Blake Comeau 6 (Zac Dalpe 9, Eric Nystrom 5) at 11:03
8. Kings , Patrick Kane 29 (Erik Karlsson 15, Anze Kopitar 31) at 11:52 (PP)
9. Maple Leafs , Claude Giroux 25 (Tobias Enstrom 25) at 12:06
10. Kings , Ramzi Abid 4 (Shea Weber 12, Travis Hamonic 14) at 19:30 (Empty Net)
Penalties :
Oscar Klefbom (LAK) for Roughing (Minor) at 4:59, Claude Giroux (Tor) for Hooking (Minor) at 7:30, Braydon Coburn (Tor) for Tripping (Minor) at 11:28
Goalie Stats
Brian Elliott (LAK), 17 saves from 21 shots - (0.810), W, 14-12-3, 60:00 minutes
Marc-André Fleury (Tor), 25 saves from 30 shots - (0.833), L, 14-13-2, 59:52 minutes
Players Stats for Kings
Player Name G A P +/- PIM S H SB GA TA FO MP PP MP PK MP
------------------------------------------------------------------------------------
Anze Kopitar 0 3 3 2 2 3 3 0 2 0 9/22 20:43 2:42 1:55
Derek Boogaard 0 0 0 -1 0 3 0 0 0 0 0/0 11:55 0:00 0:24
Erik Karlsson 0 1 1 -1 0 2 0 0 0 1 0/0 20:57 2:32 0:42
Johnny Gaudreau 0 1 1 1 2 2 1 0 1 1 0/0 19:11 2:42 0:50
Max Pacioretty 0 0 0 -1 0 0 3 1 0 1 1/1 16:39 1:53 1:11
Maxim Talbot 0 0 0 0 0 1 2 0 0 0 1/4 6:39 0:00 0:19
Oscar Klefbom 0 1 1 0 2 1 0 0 1 0 0/0 18:09 2:03 0:38
Patrick Kane 3 0 3 2 0 6 1 1 0 1 0/0 21:00 2:42 2:15
Paul Martin 0 0 0 1 0 0 1 1 0 0 0/0 17:53 0:00 3:14
Pierre-Marc Bouchard 1 0 1 -1 0 1 2 0 0 1 1/4 11:31 0:00 0:00
Ramzi Abid 1 0 1 1 0 2 2 1 0 0 0/0 11:37 0:00 4:27
Ryan Callahan 0 1 1 -1 0 1 0 1 0 0 0/1 11:31 0:00 0:00
Shea Weber 0 2 2 -1 2 2 2 1 0 0 0/0 23:49 2:32 3:22
Staffan Kronwall 0 0 0 1 0 0 0 2 0 2 0/0 17:41 0:00 3:14
Steve Quailer 0 0 0 0 0 0 2 0 0 0 0/0 6:20 0:00 0:00
Travis Hamonic 0 1 1 0 0 1 2 0 1 0 0/0 21:52 2:03 4:42
Tyler Johnson 1 0 1 -1 0 5 1 0 0 0 8/26 19:32 1:53 4:31
Viktor Arvidsson 0 1 1 -1 0 1 1 0 1 1 0/0 15:01 1:53 0:00
Players Stats for Maple Leafs
Player Name G A P +/- PIM S H SB GA TA FO MP PP MP PK MP
------------------------------------------------------------------------------------
Artemi Panarin 0 0 0 -1 2 1 0 0 0 1 2/2 20:21 3:36 0:52
Ben Smith 0 0 0 0 0 1 4 0 0 0 0/0 17:02 3:49 0:00
Blake Comeau 2 0 2 1 0 2 1 0 0 1 0/0 13:40 0:43 0:00
Braydon Coburn 0 1 1 1 2 1 0 2 1 1 0/0 23:27 4:16 2:47
Calvin de Haan 0 0 0 1 0 0 0 0 0 0 0/0 3:26 0:00 0:00
Claude Giroux 1 0 1 -1 2 5 1 0 2 1 6/10 24:14 3:30 1:34
Eric Nystrom 0 2 2 1 0 0 0 2 1 0 0/0 14:08 0:37 0:37
Fabian Brunnstrom 1 0 1 0 0 3 0 0 1 0 0/1 17:02 3:49 0:00
Gilbert Brule 0 1 1 0 2 0 2 0 0 1 9/11 18:48 3:49 1:38
Jeremy Morin 0 0 0 0 0 0 0 0 0 0 0/1 9:35 0:09 1:28
John Klingberg 0 0 0 0 0 0 0 1 0 0 0/0 19:46 3:40 1:24
Jordan Staal 0 0 0 -1 0 3 1 0 2 0 19/30 22:31 3:38 2:33
Marc-Édouard Vlasic 0 0 0 -2 0 0 0 1 0 0 0/0 12:56 0:00 0:00
Ryan Parent 0 0 0 -2 0 0 1 0 0 0 0/0 13:29 0:00 0:30
T.J Galiardi 0 0 0 0 0 0 0 1 0 0 0/0 5:54 0:06 0:00
Taylor Chorney 0 0 0 0 0 1 1 0 0 1 0/0 19:46 3:40 1:24
Tobias Enstrom 0 1 1 2 0 1 0 0 1 0 0/0 27:09 4:16 3:05
Zac Dalpe 0 1 1 1 0 3 3 1 0 0 2/3 12:07 0:02 0:28
3 Stars
1 - Patrick Kane (LAK)
2 - Anze Kopitar (LAK)
3 - Blake Comeau (Tor)
Power Play
Kings - 2 on 4 Attempt(s) - 50.00%
Maple Leafs - 0 on 4 Attempt(s) - 0.00%
Penalty Kill
Kings - 4 on 4 Attempt(s) - 100.00%
- Score 0 goal in Penalty Kill
Maple Leafs - 2 on 4 Attempt(s) - 50.00%
- Score 0 goal in Penalty Kill
Team Stat
Kings - Hits : 23 - Faceoff Wins : 20 - Blocked Shots : 8 - Penalty Minutes : 8
Maple Leafs - Hits : 14 - Faceoff Wins : 38 - Blocked Shots : 8 - Penalty Minutes : 8
Official
Referees : Unknown
Linesman : Unknown
Game Notes
Patrick Kane has scored a Hat Trick!
Ramzi Abid has scored in a empty net!
Finance
Level 1 -- Attendance: 6000 (100.00%) -- Ticket Income $540,000
Level 2 -- Attendance: 4562 (91.24%) -- Ticket Income $250,910
Level 3 -- Attendance: 2000 (100.00%) -- Ticket Income $72,000
Level 4 -- Attendance: 4000 (100.00%) -- Ticket Income $100,000
Luxury Box -- Attendance: 930 (93.00%) -- Ticket Income $144,150
Game was played at the Maple Leafs Garden.
Total Attendance: 17492 (97.18%)
Total Ticket Income: $1,107,060
Other Income: $166,059
Total Income: $1,273,119
Kings
5 vs 5 Forward
Center Left Wing Right Wing Time % Phy DF OF
1 Anze Kopitar Johnny Gaudreau Patrick Kane 40 0 2 3
2 Tyler Johnson Max Pacioretty Viktor Arvidsson 35 0 2 3
3 Pierre-Marc Bouchard Derek Boogaard Ryan Callahan 20 0 2 3
4 Maxim Talbot Ramzi Abid Steve Quailer 5 1 3 1
5 vs 5 Defense
Defense Defense Time % Phy DF OF
1 Shea Weber Erik Karlsson 40 1 3 1
2 Oscar Klefbom Travis Hamonic 40 1 3 1
3 Paul Martin Staffan Kronwall 20 0 4 1
4 Travis Hamonic Shea Weber 0 1 2 2
PowerPlay Forward
Center Left Wing Right Wing Time % Phy DF OF
1 Anze Kopitar Johnny Gaudreau Patrick Kane 60 0 1 4
2 Tyler Johnson Max Pacioretty Viktor Arvidsson 40 0 1 4
PowerPlay Defense
Defense Defense Time % Phy DF OF
1 Shea Weber Erik Karlsson 60 0 2 3
2 Oscar Klefbom Travis Hamonic 40 0 2 3
Penalty Kill 4 Players Forward
Center Wing Time % Phy DF OF
1 Tyler Johnson Ramzi Abid 60 1 3 1
2 Anze Kopitar Patrick Kane 40 1 3 1
Penalty Kill 4 Players Defense
Defense Defense Time % Phy DF OF
1 Travis Hamonic Shea Weber 60 1 4 0
2 Staffan Kronwall Paul Martin 40 1 4 0
Penalty Kill - 3 Players Forward
Forward Time % Phy DF OF
1 Anze Kopitar 60 1 4 0
2 Tyler Johnson 40 1 4 0
Penalty Kill - 3 Players Defense
Defense Defense Time % Phy DF OF
1 Shea Weber Travis Hamonic 60 0 5 0
2 Paul Martin Staffan Kronwall 40 0 5 0
4 vs 4 Forward
Center Wing Time % Phy DF OF
1 Tyler Johnson Patrick Kane 60 1 2 2
2 Anze Kopitar Max Pacioretty 40 1 2 2
4 vs 4 Defense
Defense Defense Time % Phy DF OF
1 Shea Weber Erik Karlsson 60 1 2 2
2 Travis Hamonic Staffan Kronwall 40 1 2 2
Last Minutes Offensive
Center Left Wing Right Wing Defense Defense
Anze Kopitar Johnny Gaudreau Patrick Kane Shea Weber Erik Karlsson
Last Minutes Defensive
Center Left Wing Right Wing Defense Defense
Anze Kopitar Ramzi Abid Patrick Kane Shea Weber Travis Hamonic
Goaltenders
Starting : Brian Elliott
Backup : Pascal Leclaire
Extra Forwards
Normal : Anze Kopitar, Tyler Johnson, Pierre-Marc Bouchard - PP : Derek Boogaard, Ryan Callahan - PK : Max Pacioretty
Extra Defensemen
Normal : Travis Hamonic, Shea Weber, Staffan Kronwall - PP : Staffan Kronwall - PK : Erik Karlsson, Oscar Klefbom
Penalty Shots
Anze Kopitar, Patrick Kane, Viktor Arvidsson, Max Pacioretty, Shea Weber
Scratches
None
Maple Leafs
5 vs 5 Forward
Center Left Wing Right Wing Time % Phy DF OF
1 Jordan Staal Artemi Panarin Claude Giroux 40 1 2 2
2 Gilbert Brule Fabian Brunnstrom Ben Smith 30 1 2 2
3 Zac Dalpe Eric Nystrom Blake Comeau 20 1 2 2
4 Claude Giroux T.J Galiardi Jeremy Morin 10 1 2 2
5 vs 5 Defense
Defense Defense Time % Phy DF OF
1 Tobias Enstrom Braydon Coburn 40 1 2 2
2 Taylor Chorney John Klingberg 30 1 2 2
3 Marc-Édouard Vlasic Ryan Parent 20 1 2 2
4 Calvin de Haan Tobias Enstrom 10 1 2 2
PowerPlay Forward
Center Left Wing Right Wing Time % Phy DF OF
1 Jordan Staal Artemi Panarin Claude Giroux 60 1 2 2
2 Gilbert Brule Fabian Brunnstrom Ben Smith 40 1 2 2
PowerPlay Defense
Defense Defense Time % Phy DF OF
1 Tobias Enstrom Braydon Coburn 60 1 2 2
2 Taylor Chorney John Klingberg 40 1 2 2
Penalty Kill 4 Players Forward
Center Wing Time % Phy DF OF
1 Claude Giroux Jordan Staal 60 1 2 2
2 Gilbert Brule Artemi Panarin 40 1 2 2
Penalty Kill 4 Players Defense
Defense Defense Time % Phy DF OF
1 Tobias Enstrom Braydon Coburn 60 1 2 2
2 Taylor Chorney John Klingberg 40 1 2 2
Penalty Kill - 3 Players Forward
Forward Time % Phy DF OF
1 Claude Giroux 60 1 2 2
2 Jordan Staal 40 1 2 2
Penalty Kill - 3 Players Defense
Defense Defense Time % Phy DF OF
1 Tobias Enstrom Braydon Coburn 60 1 2 2
2 Taylor Chorney John Klingberg 40 1 2 2
4 vs 4 Forward
Center Wing Time % Phy DF OF
1 Claude Giroux Jordan Staal 60 1 2 2
2 Gilbert Brule Artemi Panarin 40 1 2 2
4 vs 4 Defense
Defense Defense Time % Phy DF OF
1 Tobias Enstrom Braydon Coburn 60 1 2 2
2 Taylor Chorney John Klingberg 40 1 2 2
Last Minutes Offensive
Center Left Wing Right Wing Defense Defense
Jordan Staal Artemi Panarin Claude Giroux Tobias Enstrom Braydon Coburn
Last Minutes Defensive
Center Left Wing Right Wing Defense Defense
Jordan Staal Artemi Panarin Claude Giroux Tobias Enstrom Braydon Coburn
Goaltenders
Starting : Marc-André Fleury
Backup : Thomas McCollum
Extra Forwards
Normal : Eric Nystrom, Blake Comeau, Jeremy Morin - PP : Eric Nystrom, Blake Comeau - PK : Jeremy Morin
Extra Defensemen
Normal : Marc-Édouard Vlasic, Ryan Parent, Calvin de Haan - PP : Marc-Édouard Vlasic - PK : Ryan Parent, Calvin de Haan
Penalty Shots
Claude Giroux, Jordan Staal, Gilbert Brule, Artemi Panarin, Fabian Brunnstrom
Scratches
Mark Scheifele (Healthy)
% Time on Ice - Kings
Lines # - Real PCT - Wanted PCT - Time Play
Normal Forward
1 - 33% - 40% - 15:33
2 - 29% - 35% - 13:19
3 - 25% - 20% - 11:31
4 - 14% - 5% - 6:20
Normal Defense
1 - 38% - 40% - 17:43
2 - 37% - 40% - 17:27
3 - 25% - 20% - 11:33
4 - 0% - 0% - 0:00
PP Forward
1 - 59% - 60% - 2:42
2 - 41% - 40% - 1:53
PP Defense
1 - 55% - 60% - 2:32
2 - 45% - 40% - 2:03
PK Forward
1 - 72% - 60% - 5:41
2 - 28% - 40% - 2:15
PK Defense
1 - 59% - 60% - 4:42
2 - 41% - 40% - 3:14
PK3 Forward
1 - 0% - 60%
2 - 0% - 40%
PK3 Defense
1 - 0% - 60%
2 - 0% - 40%
44 Forward
1 - 0% - 60%
2 - 0% - 40%
44 Defense
1 - 0% - 60%
2 - 0% - 40%
Last Minute Offensive - 0:00
Last Minute Defensive - 0:46
Total
Forward - 60:00
Defense - 60:00
|
% Time on Ice - Maple Leafs
Lines # - Real PCT - Wanted PCT - Time Play
Normal Forward
1 - 32% - 40% - 14:59
2 - 30% - 30% - 14:14
3 - 25% - 20% - 11:42
4 - 12% - 10% - 5:48
Normal Defense
1 - 34% - 40% - 15:42
2 - 31% - 30% - 14:42
3 - 28% - 20% - 12:53
4 - 7% - 10% - 3:26
PP Forward
1 - 52% - 60% - 4:07
2 - 48% - 40% - 3:49
PP Defense
1 - 54% - 60% - 4:16
2 - 46% - 40% - 3:40
PK Forward
1 - 88% - 60% - 4:02
2 - 12% - 40% - 0:33
PK Defense
1 - 69% - 60% - 3:11
2 - 31% - 40% - 1:24
PK3 Forward
1 - 0% - 60%
2 - 0% - 40%
PK3 Defense
1 - 0% - 60%
2 - 0% - 40%
44 Forward
1 - 0% - 60%
2 - 0% - 40%
44 Defense
1 - 0% - 60%
2 - 0% - 40%
Last Minute Offensive - 0:46
Last Minute Defensive - 0:00
Total
Forward - 60:00
Defense - 60:00
|
Play-by-Play
1st period
0:01 of 1st period - Anze Kopitar wins face-off versus Jordan Staal in neutral zone.
0:38 of 1st period - Slapshot by Tyler Johnson.
0:38 of 1st period - Stopped by Marc-André Fleury with a rebound.
0:40 of 1st period - Slapshot by Erik Karlsson.
0:40 of 1st period - Stopped by Marc-André Fleury with a rebound.
0:52 of 1st period - Derek Boogaard is hit by Blake Comeau and loses puck.
1:21 of 1st period - Slapshot by Patrick Kane.
1:21 of 1st period - Stopped by Marc-André Fleury without a rebound.
1:22 of 1st period - Gilbert Brule wins face-off versus Tyler Johnson in Maple Leafs zone.
1:29 of 1st period - Snap shot by Tobias Enstrom.
1:29 of 1st period - Stopped by Brian Elliott without a rebound.
1:30 of 1st period - Tyler Johnson wins face-off versus Fabian Brunnstrom in Kings zone.
1:37 of 1st period - Wrist shot by Tyler Johnson.
1:37 of 1st period - Stopped by Marc-André Fleury without a rebound.
1:38 of 1st period - Anze Kopitar wins face-off versus Jordan Staal in Maple Leafs zone.
2:05 of 1st period - Staffan Kronwall is hit by Zac Dalpe and loses puck.
3:08 of 1st period - Wrist shot by Johnny Gaudreau.
3:08 of 1st period - Stopped by Marc-André Fleury with a rebound.
3:16 of 1st period - Minor Penalty to Shea Weber for Holding.
3:17 of 1st period - Tyler Johnson wins face-off versus Jordan Staal in Kings zone.
3:17 of 1st period - Tyler Johnson is hit by Jordan Staal.
3:44 of 1st period - Gilbert Brule is hit by Anze Kopitar.
3:50 of 1st period - Patrick Kane is hit by Gilbert Brule and loses puck.
4:02 of 1st period - Icing by Fabian Brunnstrom.
4:03 of 1st period - Gilbert Brule wins face-off versus Tyler Johnson in Maple Leafs zone.
5:16 of 1st period - Penalty to Shea Weber is over, Shea Weber is back on ice.
5:19 of 1st period - Taylor Chorney is hit by Shea Weber.
5:33 of 1st period - Wrist shot by Derek Boogaard.
5:33 of 1st period - Shot Misses the Net.
5:46 of 1st period - Pierre-Marc Bouchard is hit by Zac Dalpe and loses puck.
6:16 of 1st period - Wrist shot by Viktor Arvidsson.
6:16 of 1st period - Shot Misses the Net.
6:59 of 1st period - Wrist shot by Anze Kopitar.
6:59 of 1st period - Stopped by Marc-André Fleury with a rebound.
7:22 of 1st period - Snap shot by Patrick Kane.
7:22 of 1st period - Stopped by Marc-André Fleury without a rebound.
7:23 of 1st period - Jordan Staal wins face-off versus Tyler Johnson in Maple Leafs zone.
7:34 of 1st period - Snap shot by Artemi Panarin.
7:34 of 1st period - Shot Misses the Net.
9:28 of 1st period - Icing by Shea Weber.
9:29 of 1st period - Claude Giroux wins face-off versus Maxim Talbot in Kings zone.
9:38 of 1st period - T.J Galiardi is hit by Maxim Talbot and loses puck.
10:11 of 1st period - Viktor Arvidsson is hit by Ben Smith and loses puck.
10:23 of 1st period - Icing by Patrick Kane.
10:24 of 1st period - Anze Kopitar wins face-off versus Zac Dalpe in Kings zone.
10:31 of 1st period - Snap shot by Patrick Kane.
10:31 of 1st period - Deflect By Johnny Gaudreau.
10:31 of 1st period - Shot Misses the Net.
10:31 of 1st period - Puck is out of play.
10:32 of 1st period - Jordan Staal wins face-off versus Tyler Johnson in Maple Leafs zone.
10:43 of 1st period - Off-side.
10:44 of 1st period - Jordan Staal wins face-off versus Anze Kopitar in neutral zone.
10:55 of 1st period - Snap shot by Patrick Kane.
10:55 of 1st period - Shot Misses the Net.
11:02 of 1st period - Off-side.
11:03 of 1st period - Gilbert Brule wins face-off versus Tyler Johnson in neutral zone.
11:38 of 1st period - Wrist shot by Jordan Staal.
11:38 of 1st period - Stopped by Brian Elliott with a rebound.
11:40 of 1st period - Wrist shot by Claude Giroux.
11:40 of 1st period - Stopped by Brian Elliott with a rebound.
11:42 of 1st period - Wrist shot by Claude Giroux.
11:42 of 1st period - Shot Blocked by Paul Martin.
11:54 of 1st period - Ryan Callahan is hit by Taylor Chorney and loses puck.
12:03 of 1st period - Snap shot by Zac Dalpe.
12:03 of 1st period - Stopped by Brian Elliott without a rebound.
12:04 of 1st period - Jordan Staal wins face-off versus Tyler Johnson in Kings zone.
12:39 of 1st period - Snap shot by Patrick Kane.
12:39 of 1st period - Shot Misses the Net.
12:41 of 1st period - Wrist shot by Patrick Kane.
12:41 of 1st period - Goal by Patrick Kane - Kings : 1 - Maple Leafs : 0.
12:42 of 1st period - Tyler Johnson wins face-off versus Jordan Staal in neutral zone.
12:45 of 1st period - Slapshot by Shea Weber.
12:45 of 1st period - Stopped by Marc-André Fleury with a rebound.
13:15 of 1st period - Wrist shot by Anze Kopitar.
13:15 of 1st period - Shot Misses the Net.
13:20 of 1st period - Minor Penalty to Gilbert Brule for Goalie Interference.
13:21 of 1st period - Claude Giroux wins face-off versus Anze Kopitar in Maple Leafs zone.
13:33 of 1st period - Wrist shot by Patrick Kane.
13:33 of 1st period - Goal by Patrick Kane - Kings : 2 - Maple Leafs : 0.
13:34 of 1st period - Anze Kopitar wins face-off versus Jordan Staal in neutral zone.
13:48 of 1st period - Snap shot by Patrick Kane.
13:48 of 1st period - Shot Misses the Net.
13:50 of 1st period - Snap shot by Anze Kopitar.
13:50 of 1st period - Shot Misses the Net.
14:00 of 1st period - Backhand shot by Derek Boogaard.
14:00 of 1st period - Shot Misses the Net.
14:02 of 1st period - Slapshot by Ryan Callahan.
14:02 of 1st period - Stopped by Marc-André Fleury without a rebound.
14:03 of 1st period - Gilbert Brule wins face-off versus Pierre-Marc Bouchard in Maple Leafs zone.
14:36 of 1st period - Slapshot by Shea Weber.
14:36 of 1st period - Shot Blocked by Eric Nystrom.
15:58 of 1st period - Wrist shot by Anze Kopitar.
15:58 of 1st period - Stopped by Marc-André Fleury with a rebound.
16:31 of 1st period - Minor Penalty to Artemi Panarin for Interference.
16:32 of 1st period - Claude Giroux wins face-off versus Anze Kopitar in Maple Leafs zone.
18:27 of 1st period - Snap shot by Zac Dalpe.
18:27 of 1st period - Shot Blocked by Shea Weber.
18:31 of 1st period - Penalty to Artemi Panarin is over, Artemi Panarin is back on ice.
18:43 of 1st period - Ryan Parent is hit by Shea Weber and loses puck.
18:48 of 1st period - Snap shot by Derek Boogaard.
18:48 of 1st period - Stopped by Marc-André Fleury without a rebound.
18:49 of 1st period - Zac Dalpe wins face-off versus Maxim Talbot in Maple Leafs zone.
18:49 of 1st period - Zac Dalpe is hit by Steve Quailer.
18:55 of 1st period - Slapshot by Zac Dalpe.
18:55 of 1st period - Shot Misses the Net.
18:59 of 1st period - Backhand shot by Zac Dalpe.
18:59 of 1st period - Stopped by Brian Elliott with a rebound.
19:13 of 1st period - Ryan Parent is hit by Pierre-Marc Bouchard and loses puck.
Goals for this period are 2 for Kings vs 0 for Maple Leafs.
Shots for this period are 13 for Kings vs 5 for Maple Leafs.
2nd period
0:01 of 2nd period - Jordan Staal wins face-off versus Anze Kopitar in neutral zone.
0:33 of 2nd period - Wrist shot by Fabian Brunnstrom.
0:33 of 2nd period - Goal by Fabian Brunnstrom - Kings : 2 - Maple Leafs : 1.
0:34 of 2nd period - Jordan Staal wins face-off versus Anze Kopitar in neutral zone.
0:37 of 2nd period - Slapshot by Tobias Enstrom.
0:37 of 2nd period - Deflect By Jordan Staal.
0:37 of 2nd period - Shot Misses the Net.
0:37 of 2nd period - Puck is out of play.
0:38 of 2nd period - Anze Kopitar wins face-off versus Jordan Staal in Kings zone.
1:49 of 2nd period - Slapshot by John Klingberg.
1:49 of 2nd period - Deflect By Jeremy Morin.
1:49 of 2nd period - Shot Blocked by Ramzi Abid.
1:49 of 2nd period - Puck is out of play.
1:50 of 2nd period - Maxim Talbot wins face-off versus Claude Giroux in Kings zone.
1:59 of 2nd period - Wrist shot by Maxim Talbot.
1:59 of 2nd period - Shot Misses the Net.
2:44 of 2nd period - Snap shot by Fabian Brunnstrom.
2:44 of 2nd period - Shot Blocked by Staffan Kronwall.
3:00 of 2nd period - Jordan Staal is hit by Viktor Arvidsson and loses puck.
3:05 of 2nd period - Snap shot by Viktor Arvidsson.
3:05 of 2nd period - Deflect By Tyler Johnson.
3:05 of 2nd period - Stopped by Marc-André Fleury with a rebound.
3:09 of 2nd period - Snap shot by Tyler Johnson.
3:09 of 2nd period - Goal by Tyler Johnson - Kings : 3 - Maple Leafs : 1.
3:10 of 2nd period - Jordan Staal wins face-off versus Anze Kopitar in neutral zone.
3:21 of 2nd period - Jordan Staal is hit by Travis Hamonic and loses puck.
4:25 of 2nd period - Johnny Gaudreau is hit by Zac Dalpe and loses puck.
4:38 of 2nd period - Snap shot by Zac Dalpe.
4:38 of 2nd period - Shot Misses the Net.
5:29 of 2nd period - Minor Penalty to Anze Kopitar for Holding.
5:30 of 2nd period - Jordan Staal wins face-off versus Tyler Johnson in Kings zone.
6:02 of 2nd period - Tobias Enstrom is hit by Ramzi Abid and loses puck.
6:17 of 2nd period - Tobias Enstrom is hit by Paul Martin and loses puck.
6:58 of 2nd period - Artemi Panarin is hit by Patrick Kane and loses puck.
7:17 of 2nd period - Ben Smith is hit by Maxim Talbot and loses puck.
7:29 of 2nd period - Penalty to Anze Kopitar is over, Anze Kopitar is back on ice.
7:41 of 2nd period - Marc-Édouard Vlasic is hit by Pierre-Marc Bouchard and loses puck.
8:13 of 2nd period - Eric Nystrom is hit by Travis Hamonic and loses puck.
8:26 of 2nd period - Icing by Blake Comeau.
8:27 of 2nd period - Pierre-Marc Bouchard wins face-off versus Jordan Staal in Maple Leafs zone.
8:34 of 2nd period - Slapshot by Taylor Chorney.
8:34 of 2nd period - Stopped by Brian Elliott without a rebound.
8:35 of 2nd period - Gilbert Brule wins face-off versus Tyler Johnson in Kings zone.
8:40 of 2nd period - Wrist shot by Ben Smith.
8:40 of 2nd period - Stopped by Brian Elliott without a rebound.
8:41 of 2nd period - Gilbert Brule wins face-off versus Tyler Johnson in Kings zone.
8:42 of 2nd period - Wrist shot by Fabian Brunnstrom.
8:42 of 2nd period - Stopped by Brian Elliott without a rebound.
8:43 of 2nd period - Gilbert Brule wins face-off versus Tyler Johnson in Kings zone.
9:10 of 2nd period - Wrist shot by Ben Smith.
9:10 of 2nd period - Shot Blocked by Max Pacioretty.
9:18 of 2nd period - Snap shot by Viktor Arvidsson.
9:18 of 2nd period - Stopped by Marc-André Fleury with a rebound.
9:20 of 2nd period - Slapshot by Erik Karlsson.
9:20 of 2nd period - Shot Misses the Net.
9:22 of 2nd period - Slapshot by Erik Karlsson.
9:22 of 2nd period - Stopped by Marc-André Fleury with a rebound.
9:24 of 2nd period - Wrist shot by Tyler Johnson.
9:24 of 2nd period - Stopped by Marc-André Fleury without a rebound.
9:25 of 2nd period - Anze Kopitar wins face-off versus Jordan Staal in Maple Leafs zone.
9:26 of 2nd period - Snap shot by Johnny Gaudreau.
9:26 of 2nd period - Stopped by Marc-André Fleury without a rebound.
9:27 of 2nd period - Artemi Panarin wins face-off versus Anze Kopitar in Maple Leafs zone.
9:39 of 2nd period - Minor Penalty to Johnny Gaudreau for Holding.
9:40 of 2nd period - Jordan Staal wins face-off versus Tyler Johnson in Kings zone.
10:15 of 2nd period - Off-side.
10:16 of 2nd period - Gilbert Brule wins face-off versus Anze Kopitar in neutral zone.
10:19 of 2nd period - Wrist shot by Fabian Brunnstrom.
10:19 of 2nd period - Shot Misses the Net.
10:35 of 2nd period - Snap shot by Fabian Brunnstrom.
10:35 of 2nd period - Shot Misses the Net.
10:37 of 2nd period - Slapshot by Taylor Chorney.
10:37 of 2nd period - Shot Misses the Net.
10:39 of 2nd period - Snap shot by Fabian Brunnstrom.
10:39 of 2nd period - Stopped by Brian Elliott without a rebound.
10:40 of 2nd period - Jordan Staal wins face-off versus Tyler Johnson in Kings zone.
10:43 of 2nd period - Snap shot by Claude Giroux.
10:43 of 2nd period - Stopped by Brian Elliott with a rebound.
10:45 of 2nd period - Wrist shot by Claude Giroux.
10:45 of 2nd period - Shot Misses the Net.
11:30 of 2nd period - Artemi Panarin is hit by Ramzi Abid and loses puck.
11:39 of 2nd period - Penalty to Johnny Gaudreau is over, Johnny Gaudreau is back on ice.
11:43 of 2nd period - Wrist shot by Gilbert Brule.
11:43 of 2nd period - Shot Blocked by Staffan Kronwall.
12:15 of 2nd period - Erik Karlsson is hit by Ben Smith.
12:49 of 2nd period - Wrist shot by Johnny Gaudreau.
12:49 of 2nd period - Shot Blocked by T.J Galiardi.
13:38 of 2nd period - Icing by Taylor Chorney.
13:39 of 2nd period - Jordan Staal wins face-off versus Anze Kopitar in Maple Leafs zone.
14:53 of 2nd period - Jordan Staal is hit by Anze Kopitar and loses puck.
14:58 of 2nd period - Snap shot by Anze Kopitar.
14:58 of 2nd period - Stopped by Marc-André Fleury without a rebound.
14:59 of 2nd period - Gilbert Brule wins face-off versus Tyler Johnson in Maple Leafs zone.
15:31 of 2nd period - Wrist shot by Shea Weber.
15:31 of 2nd period - Stopped by Marc-André Fleury with a rebound.
16:59 of 2nd period - Slapshot by Tobias Enstrom.
16:59 of 2nd period - Shot Misses the Net.
17:33 of 2nd period - Fabian Brunnstrom is hit by Steve Quailer and loses puck.
18:17 of 2nd period - Slapshot by Jordan Staal.
18:17 of 2nd period - Stopped by Brian Elliott with a rebound.
18:47 of 2nd period - Artemi Panarin is hit by Johnny Gaudreau and loses puck.
19:32 of 2nd period - Slapshot by Patrick Kane.
19:32 of 2nd period - Shot Misses the Net.
Goals for this period are 1 for Kings vs 1 for Maple Leafs.
Shots for this period are 8 for Kings vs 7 for Maple Leafs.
3rd period
0:01 of 3rd period - Tyler Johnson wins face-off versus Jordan Staal in neutral zone.
0:10 of 3rd period - Tyler Johnson is hit by Claude Giroux and loses puck.
1:16 of 3rd period - Snap shot by Maxim Talbot.
1:16 of 3rd period - Stopped by Marc-André Fleury without a rebound.
1:17 of 3rd period - Artemi Panarin wins face-off versus Maxim Talbot in Maple Leafs zone.
1:22 of 3rd period - Wrist shot by Claude Giroux.
1:22 of 3rd period - Stopped by Brian Elliott without a rebound.
1:23 of 3rd period - Tyler Johnson wins face-off versus Jordan Staal in Kings zone.
2:17 of 3rd period - Slapshot by Blake Comeau.
2:17 of 3rd period - Goal by Blake Comeau - Kings : 3 - Maple Leafs : 2.
2:18 of 3rd period - Claude Giroux wins face-off versus Tyler Johnson in neutral zone.
3:12 of 3rd period - Icing by Paul Martin.
3:13 of 3rd period - Jordan Staal wins face-off versus Pierre-Marc Bouchard in Kings zone.
3:39 of 3rd period - Icing by John Klingberg.
3:40 of 3rd period - Jordan Staal wins face-off versus Tyler Johnson in Maple Leafs zone.
4:13 of 3rd period - Snap shot by Shea Weber.
4:13 of 3rd period - Shot Blocked by John Klingberg.
4:54 of 3rd period - Wrist shot by Jordan Staal.
4:54 of 3rd period - Shot Blocked by Patrick Kane.
4:56 of 3rd period - Snap shot by Artemi Panarin.
4:56 of 3rd period - Stopped by Brian Elliott without a rebound.
4:57 of 3rd period - Max Pacioretty wins face-off versus Gilbert Brule in Kings zone.
4:59 of 3rd period - Minor Penalty to Oscar Klefbom for Roughing.
5:00 of 3rd period - Tyler Johnson wins face-off versus Gilbert Brule in Kings zone.
5:32 of 3rd period - Ramzi Abid is hit by Gilbert Brule and loses puck.
6:59 of 3rd period - Penalty to Oscar Klefbom is over, Oscar Klefbom is back on ice.
7:15 of 3rd period - Snap shot by Derek Boogaard.
7:15 of 3rd period - Stopped by Marc-André Fleury with a rebound.
7:17 of 3rd period - Snap shot by Ryan Callahan.
7:17 of 3rd period - Shot Misses the Net.
7:19 of 3rd period - Slapshot by Oscar Klefbom.
7:19 of 3rd period - Stopped by Marc-André Fleury with a rebound.
7:21 of 3rd period - Slapshot by Oscar Klefbom.
7:21 of 3rd period - Shot Blocked by Braydon Coburn.
7:23 of 3rd period - Wrist shot by Pierre-Marc Bouchard.
7:23 of 3rd period - Goal by Pierre-Marc Bouchard - Kings : 4 - Maple Leafs : 2.
7:24 of 3rd period - Tyler Johnson wins face-off versus Claude Giroux in neutral zone.
7:30 of 3rd period - Minor Penalty to Claude Giroux for Hooking.
7:31 of 3rd period - Anze Kopitar wins face-off versus Jeremy Morin in Maple Leafs zone.
7:57 of 3rd period - Jordan Staal is hit by Max Pacioretty and loses puck.
9:14 of 3rd period - Tobias Enstrom is hit by Tyler Johnson.
9:30 of 3rd period - Penalty to Claude Giroux is over, Claude Giroux is back on ice.
9:45 of 3rd period - Wrist shot by Gilbert Brule.
9:45 of 3rd period - Shot Misses the Net.
9:51 of 3rd period - Slapshot by Ryan Callahan.
9:51 of 3rd period - Shot Blocked by Marc-Édouard Vlasic.
10:28 of 3rd period - Icing by Taylor Chorney.
10:29 of 3rd period - Jordan Staal wins face-off versus Tyler Johnson in Maple Leafs zone.
10:59 of 3rd period - Snap shot by Zac Dalpe.
10:59 of 3rd period - Shot Blocked by Ryan Callahan.
11:01 of 3rd period - Snap shot by Zac Dalpe.
11:01 of 3rd period - Shot Misses the Net.
11:03 of 3rd period - Snap shot by Blake Comeau.
11:03 of 3rd period - Goal by Blake Comeau - Kings : 4 - Maple Leafs : 3.
11:04 of 3rd period - Jordan Staal wins face-off versus Tyler Johnson in neutral zone.
11:13 of 3rd period - Slapshot by Jordan Staal.
11:13 of 3rd period - Stopped by Brian Elliott without a rebound.
11:14 of 3rd period - Jordan Staal wins face-off versus Tyler Johnson in Kings zone.
11:17 of 3rd period - Wrist shot by Claude Giroux.
11:17 of 3rd period - Stopped by Brian Elliott with a rebound.
11:19 of 3rd period - Slapshot by Braydon Coburn.
11:19 of 3rd period - Stopped by Brian Elliott without a rebound.
11:20 of 3rd period - Jordan Staal wins face-off versus Anze Kopitar in Kings zone.
11:28 of 3rd period - Minor Penalty to Braydon Coburn for Tripping.
11:29 of 3rd period - Anze Kopitar wins face-off versus Claude Giroux in Maple Leafs zone.
11:33 of 3rd period - Snap shot by Patrick Kane.
11:33 of 3rd period - Stopped by Marc-André Fleury without a rebound.
11:34 of 3rd period - Claude Giroux wins face-off versus Anze Kopitar in Maple Leafs zone.
11:46 of 3rd period - Off-side.
11:47 of 3rd period - Anze Kopitar wins face-off versus Claude Giroux in neutral zone.
11:52 of 3rd period - Snap shot by Patrick Kane.
11:52 of 3rd period - Goal by Patrick Kane - Kings : 5 - Maple Leafs : 3.
11:53 of 3rd period - Tyler Johnson wins face-off versus Jordan Staal in neutral zone.
12:06 of 3rd period - Wrist shot by Claude Giroux.
12:06 of 3rd period - Goal by Claude Giroux - Kings : 5 - Maple Leafs : 4.
12:07 of 3rd period - Jordan Staal wins face-off versus Anze Kopitar in neutral zone.
12:33 of 3rd period - Travis Hamonic is hit by Ben Smith and loses puck.
13:20 of 3rd period - Snap shot by Johnny Gaudreau.
13:20 of 3rd period - Shot Misses the Net.
13:36 of 3rd period - Snap shot by Maxim Talbot.
13:36 of 3rd period - Shot Misses the Net.
13:38 of 3rd period - Wrist shot by Ramzi Abid.
13:38 of 3rd period - Shot Misses the Net.
13:40 of 3rd period - Slapshot by Travis Hamonic.
13:40 of 3rd period - Shot Misses the Net.
14:02 of 3rd period - Snap shot by Tyler Johnson.
14:02 of 3rd period - Shot Misses the Net.
14:16 of 3rd period - Wrist shot by Zac Dalpe.
14:16 of 3rd period - Stopped by Brian Elliott with a rebound.
15:33 of 3rd period - Anze Kopitar is hit by Ben Smith and loses puck.
16:08 of 3rd period - Jordan Staal is hit by Max Pacioretty.
16:20 of 3rd period - Jordan Staal is hit by Max Pacioretty and loses puck.
17:09 of 3rd period - Slapshot by Johnny Gaudreau.
17:09 of 3rd period - Shot Misses the Net.
17:11 of 3rd period - Slapshot by Travis Hamonic.
17:11 of 3rd period - Stopped by Marc-André Fleury with a rebound.
18:06 of 3rd period - Pierre-Marc Bouchard is hit by Ryan Parent and loses puck.
19:09 of 3rd period - Slapshot by Paul Martin.
19:09 of 3rd period - Shot Blocked by Braydon Coburn.
19:11 of 3rd period - Wrist shot by Ramzi Abid.
19:11 of 3rd period - Stopped by Marc-André Fleury with a rebound.
19:13 of 3rd period - Slapshot by Paul Martin.
19:13 of 3rd period - Shot Misses the Net.
19:15 of 3rd period - Slapshot by Paul Martin.
19:15 of 3rd period - Deflect By Anze Kopitar.
19:15 of 3rd period - Shot Misses the Net.
19:15 of 3rd period - Puck is out of play.
19:16 of 3rd period - Pat Burns call a timeout for Maple Leafs.
19:16 of 3rd period - Jordan Staal wins face-off versus Anze Kopitar in Maple Leafs zone.
19:16 of 3rd period - Jordan Staal is hit by Anze Kopitar.
19:22 of 3rd period - Maple Leafs, Marc-André Fleury is pulled from the net.
19:30 of 3rd period - Slapshot by Ramzi Abid.
19:30 of 3rd period - Goal by Ramzi Abid - Kings : 6 - Maple Leafs : 4.
19:30 of 3rd period - Marc-André Fleury from Maple Leafs was sent back in the game.
19:31 of 3rd period - Zac Dalpe wins face-off versus Pierre-Marc Bouchard in neutral zone.
19:38 of 3rd period - Slapshot by Derek Boogaard.
19:38 of 3rd period - Shot Blocked by Eric Nystrom.
19:40 of 3rd period - Snap shot by Ryan Callahan.
19:40 of 3rd period - Shot Blocked by Zac Dalpe.
19:42 of 3rd period - Wrist shot by Derek Boogaard.
19:42 of 3rd period - Stopped by Marc-André Fleury without a rebound.
19:43 of 3rd period - Claude Giroux wins face-off versus Ryan Callahan in Maple Leafs zone.
Goals for this period are 3 for Kings vs 3 for Maple Leafs.
Shots for this period are 10 for Kings vs 9 for Maple Leafs.
Back to the Top